 Dungeon Crawl Stone Soup version 0.26-b1-32-g5d43845318 (webtiles) character file.

Game seed: 11476483062204374525

1 sanka the Sneak (level 1, -1/19 HPs)
             Began as a Ghoul Delver on Jan 9, 2021.
             Slain by a leopard gecko (4 damage)
             ... on level 4 of the Dungeon.
             The game lasted 00:00:11 (35 turns).

sanka the Sneak (Ghoul Delver)                        Turns: 35, Time: 00:00:12

Health: -1/19      AC:  3    Str: 15    XL:     1   Next: 20%
Magic:  0/0        EV: 11    Int:  5    God:
Gold:   0          SH:  0    Dex: 10    Spells: 0/0 levels left

rFire    . . .     SeeInvis .   a - +0 hand axe
rCold    + . .     Faith    .   (no shield)
rNeg     + + +     Spirit   .   b - +0 leather armour
rPois    ∞         Reflect  .   (no helmet)
rElec    .         Harm     .   (no cloak)
rCorr    .         Rampage  .   (no gloves)
Will     .....                  (no boots)
Stlth    +++.......             (no amulet)
HPRegen  0.00/turn              (no ring)
MPRegen  0.07/turn              (no ring)

@: no status effects
A: claws 1, cold resistance 1, negative energy resistance 3, inhibited
regeneration, torment resistance, unbreathing
a: no special abilities


You were on level 4 of the Dungeon.
You visited 1 branch of the dungeon, and saw 2 of its levels.


Innate Abilities, Weirdness & Mutations

You thrive by killing the living.
You are immune to poison.
You have sharp fingernails.
Your flesh is cold resistant. (rC+)
You are immune to negative energy. (rN+++)
You do not regenerate when monsters are visible.
You are immune to unholy pain and torment.
You can survive without breathing.


   Skills:
 + Level 3.3 Fighting
 + Level 1.8 Axes
 + Level 1.8 Dodging
 + Level 5.5 Stealth


You couldn't memorise any spells.
You didn't know any spells.
Your spell library was empty.

Inventory:

Hand Weapons
 a - a +0 hand axe (weapon)
Armour
 b - a +0 leather armour (worn)
Wands
 g - a wand of digging (3)
Scrolls
 c - a scroll of fog
 d - a scroll of magic mapping
 e - a scroll of fear
 h - a scroll of amnesia {unknown}
Potions
 f - a potion of haste {@q3}

Dungeon Overview and Level Annotations

Branches:
Dungeon (5/15)
 Temple: D:4-7

Altars:

Annotations:
D:5 Dowan, Duvessa

. ▒▒. ... ▒.▒
▒.▒ ▒.▒ ▒.▒
▒▒▒ ▒n▒ ≈≈≈≈
▒▒▒▒l▒
≈≈≈≈≈▒▒▒.▒▒.▒
≈........▒▒.▒
............▒
..≈≈......▒▒▒
≈≈..≈.....▒
.S..≈.....▒
.⌠≈≈......▒


You could see a leopard gecko.


Message History

* * * LOW HITPOINT WARNING * * *
You hit the quokka.
The quokka is almost dead.
The quokka barely misses you. The quokka closely misses you.
You hit the quokka.
You kill the quokka!
The leopard gecko bites you but does no damage.
You closely miss the leopard gecko. The leopard gecko barely misses you.
You barely miss the leopard gecko. The leopard gecko closely misses you.
You closely miss the leopard gecko.
The leopard gecko completely misses you.
The leopard gecko barely misses you.
You completely miss the leopard gecko. The leopard gecko bites you.
* * * LOW HITPOINT WARNING * * *
The leopard gecko barely misses you.
You closely miss the leopard gecko. The leopard gecko bites you.
* * * LOW HITPOINT WARNING * * *
You hit the leopard gecko.
The leopard gecko is moderately wounded.
The leopard gecko bites you.
* * * LOW HITPOINT WARNING * * *
You hit the leopard gecko.
The leopard gecko is heavily wounded.
The leopard gecko bites you.
You die...

Action                   || total
-------------------------++-------
Melee: Hand axe          ||     9
Armor: Leather armour    ||     1
Dodge: Dodged            ||     7

Levels and vault maps discovered:
D:4:      cheibrodos_helix_gallery, layout_loops_corners, lemuel_doored_altar,
          minmay_temple_entry_wispy
D:5:      layout_layer_cave, kennysheep_generic_room_10, uniq_duvessa,
          uniq_edmund

Notes
Turn   | Place    | Note
-------+----------+-------------------------------------------
     0 | D:5      | sanka the Ghoul Delver began the quest for the Orb.
     0 | D:5      | Reached XP level 1. HP: 19/19 MP: 0/0
    11 | D:5      | Noticed Duvessa
    12 | D:5      | Noticed Dowan
    35 | D:4      | Slain by a leopard gecko

Vanquished Creatures
  A quokka (D:4)
1 creature vanquished.

Table legend: (Time is in decaauts)
 A = Elapsed time spent in this place.
 B = Non-inter-level travel time spent in this place.
 C = Inter-level travel time spent in this place.
 D = Time resting spent in this place.
 E = Time spent auto-exploring this place.
 F = Levels seen in this place.
 G = Mean time per level.
                   A        B        C        D        E       F      G
               +--------+--------+--------+--------+--------+-----+--------+
         Total |     36 |     36 |      0 |      0 |      0 |   2 |   18.0 |
       Dungeon |     36 |     36 |      0 |      0 |      0 |   2 |   18.0 |
               +--------+--------+--------+--------+--------+-----+--------+

Top non-repeatable levels by time:
     D:4: 18 daAuts
     D:5: 18 daAuts
